 Dungeon Crawl Stone Soup version 0.31.0-11-ge490571c62 (webtiles) character file.

Game seed: 883501485444096253

58 SmokeWeed the Sneak (level 3, 0/25 HPs)
             Began as a Demonspawn Enchanter on Jan 29, 2024.
             Slain by a hobgoblin (5 damage)
             ... led by Robin
             ... on level 2 of the Dungeon.
             The game lasted 00:02:34 (1352 turns).

SmokeWeed the Sneak (Demonspawn Enchanter)          Turns: 1352, Time: 00:02:34

Health: 0/25       AC:  2    Str:  8    XL:     3   Next: 76%
Magic:  6/6        EV: 12    Int: 15    God:
Gold:   35         SH:  0    Dex: 15    Spells: 6/6 levels left

rFire   . . .        a - +1 dagger
rCold   + . .        (no shield)
rNeg    . . .        b - +0 robe
rPois   .            (helmet restricted)
rElec   .            (no cloak)
rCorr   .            (no gloves)
SInv    .            (no boots)
Will    .....        (no amulet)
Stlth   +++          d - ring of protection from cold
HPRegen 0.24/turn    (no ring)
MPRegen 0.10/turn

%: no passive effects
@: invisible
A: horns 1
a: no special abilities


You were on level 2 of the Dungeon.
You visited 1 branch of the dungeon, and saw 2 of its levels.

You collected 35 gold pieces.

Inventory:

Hand Weapons
 a - a +1 dagger (weapon)
 m - a +2 whip of freezing
Missiles
 k - 3 boomerangs (quivered)
Armour
 b - a +0 robe (worn)
 l - a +0 ring mail
Jewellery
 d - a ring of protection from cold (left hand)
Scrolls
 f - a scroll of identify
 g - 2 scrolls of enchant weapon
 j - a scroll of revelation {unknown}
Potions
 c - a potion of invisibility
 e - a potion of degeneration {unknown}
 h - a potion of mutation {unknown}
 i - a potion of curing {unknown}


   Skills:
 * Level 0.8 Fighting
 - Level 0.9 Short Blades
 + Level 0.2 Throwing
 + Level 1.9 Dodging
 + Level 3.8 Stealth
 + Level 2.1 Spellcasting
 + Level 3.3 Hexes


You had 6 spell levels left.
You didn't know any spells.
Your spell library contained the following spells:

 Spells                   Type           Power      Damage    Failure   Level
 Ensorcelled Hibernation  Hex/Ice        12%        N/A       17%         2
 Confusing Touch          Hex            11%        N/A       17%         3
 Tukima's Dance           Hex            11%        N/A       17%         3
 Dazzling Flash           Conj/Hex       12%        N/A       32%         3


Dungeon Overview and Level Annotations

Branches:
Dungeon (2/15)

Altars:


Innate Abilities, Weirdness & Mutations

You have a pair of small horns on your head.


Message History

Press: ? - help, Q - select action Shift-Dir - straight line, f/p - hobgoblin
Aim: a hobgoblin (severely wounded, strong, 54% to hit)
You throw a boomerang. The boomerang hits the hobgoblin.
You kill the hobgoblin!
The goblin hits you with a +0 club.
You fade into invisibility!
The goblin hits you with a +0 club. The goblin closely misses you.
You hit the goblin. Your headbutt misses the goblin.
The goblin is severely wounded.
The goblin barely misses you. The goblin closely misses you.
A goblin comes into view. It is wielding a +0 club.
The goblin shouts!
You hit the goblin.
You kill the goblin!
The goblin shouts!
The goblin barely misses you.
Robin throws the goblin out of sight!
You hit the goblin. You headbutt the goblin.
You kill the goblin!
The goblin misses you.
You catch the helpless goblin completely off-guard!
You puncture the goblin!
You kill the goblin!
You strike the helpless Robin from behind!
You puncture Robin! You punch Robin.
Robin is severely wounded.
Robin hits you with a +2 whip of freezing.
Robin freezes you.
You hit Robin but do no damage.
Robin is severely wounded.
Robin barely misses you.
You strike the helpless Robin from behind!
You puncture Robin!
You kill Robin!
You are too injured to fight recklessly!
Items here: )) [[.
m - a +2 whip of freezing The hobgoblin hits you.
* * * LOW HITPOINT WARNING * * *
You hit the hobgoblin but do no damage. The hobgoblin hits you.
You die...

....... ......
... #.# #.# #.#
### ##.## ..#
.g. ..# #g# ..#
#@# ..# .
######.# ..# ..
#...)))# ..#
#..###.######..
..#
#.............#
..#
#...#...######
..#
#...#...#....#
..# #.
.#........# ..#
#.......#.####


You could see a hobgoblin (strong, unable to see you) and a goblin (unable to
see you).

Vanquished Creatures
  Robin (D:2)
  A dart slug (D:1)
  4 ball pythons
  8 endoplasms
  A giant cockroach (D:1)
  6 hobgoblins
  2 kobolds
  A quokka (D:1)
  5 bats (D:1)
  2 frilled lizards (D:1)
  8 goblins
  A rat (D:2)
40 creatures vanquished.

Notes
Turn   | Place    | Note
-------+----------+-------------------------------------------
     0 | D:1      | SmokeWeed the Demonspawn Enchanter began the quest for the
                  | Orb.
     0 | D:1      | Reached XP level 1. HP: 13/13 MP: 3/3
   246 | D:1      | Gained mutation: You have a pair of small horns on your
                  | head. [demonic ancestry]
   246 | D:1      | Reached XP level 2. HP: 18/19 MP: 5/5
   934 | D:1      | Reached XP level 3. HP: 14/24 MP: 6/6
  1338 | D:2      | Noticed Robin
  1349 | D:2      | Killed Robin
  1352 | D:2      | Slain by a hobgoblin

Illustrated notes

Levels and vault maps discovered:
D:1:      mrwooster_arrival_statue_3, layout_basic
D:2:      layout_basic, ebering_ecumenical_altar_webs, minmay_strange_pillars,
          amethyst_killhole, minmay_tetromino_i4, uniq_robin

Skill      XL: |  1 |
---------------+----+-----
Stealth        | 3 |  3.8
Fighting       | |  0.8
Short Blades   | |  0.9
Throwing       | |  0.2
Dodging        | |  1.9
Spellcasting   | |  2.1
Hexes          | |  3.3

Action                     || total
---------------------------++-------
  Melee: Dagger            ||    92
         Headbutt          ||     9
         Punch             ||     1
  Throw: Boomerang         ||    15
    Use: Scroll            ||     3
         Potion            ||     1
   Stab: Sleeping          ||    12
         Invisible         ||     3
 Armour: Robe              ||    36
  Dodge: Dodged            ||    59
